| TOP OF THE 1ST |
|
Pittsburgh Pirates batting - Pitching for Cincinnati Reds : RHP Steve Brown
|
|
Pitching: RHP Steve Brown
|
|
|
Batting: RHB Dan Gladden
|
0-0: Called Strike 0-1: Ball 1-1: Ball 2-1: Ground out 5-3 (Groundball, 5L, EV 82.5 MPH)
|
|
Batting: LHB Terry Whitfield
|
0-0: Foul Ball, location: 2F 0-1: Ground out 4-3 (Groundball, 34, EV 106.9 MPH)
|
|
Batting: RHB Rennie Stennett
|
0-0: Called Strike 0-1: Ball 1-1: Fly out, F2 (Popup, 2LF, EV 92.5 MPH)
|
| Top of the 1st over - 0 runs, 0 hits, 0 errors, 0 left on base; Pittsburgh 0 - Cincinnati 0 |
| BOTTOM OF THE 1ST |
|
Cincinnati Reds batting - Pitching for Pittsburgh Pirates : RHP Dennis Leonard
|
|
Pitching: RHP Dennis Leonard
|
|
|
Batting: RHB Gary Matthews
|
0-0: Foul Ball, location: 2F 0-1: Ball 1-1: DOUBLE (Line Drive, 3D, EV 106.9 MPH)
|
|
Batting: LHB Kevin Schoendienst
|
0-0: Foul Ball, location: 2F 0-1: Called Strike 0-2: Ball 1-2: DOUBLE (Line Drive, 7LS, EV 96.3 MPH) Gary Matthews scores
|
|
Batting: LHB Mike Easler
|
0-0: Called Strike 0-1: Ball 1-1: Foul Ball, location: 2F 1-2: Ground out 6-3 (Groundball, 6, EV 85.6 MPH) Kevin Schoendienst to third
|
|
Batting: LHB Darrell Evans
|
0-0: Fly out, F7 (Flyball, 7, EV 95.6 MPH) Runner from 3rd tags up, SCORES, throw by LF
|
|
Batting: RHB Johnny Bench
|
0-0: SINGLE (Line Drive, 56D, EV 100.0 MPH)
|
|
Batting: RHB Nick Deurloo
|
0-0: Ball 1-0: Foul Ball, location: 2F 1-1: Fly out, F8 (Flyball, 8LD, EV 105.0 MPH)
|
| Bottom of the 1st over - 2 runs, 3 hits, 0 errors, 1 left on base; Pittsburgh 0 - Cincinnati 2 |
| TOP OF THE 2ND |
|
Pittsburgh Pirates batting - Pitching for Cincinnati Reds : RHP Steve Brown
|
|
Batting: LHB Greg Walker
|
0-0: Called Strike 0-1: Ball 1-1: Ball 2-1: Ground out 4-3 (Groundball, 34D, EV 103.1 MPH)
|
|
Batting: RHB William Max
|
0-0: Swinging Strike 0-1: Swinging Strike 0-2: Ground out 4-3 (Groundball, 4, EV 108.1 MPH)
|
|
Batting: SHB Ron Oester
|
0-0: Foul Ball, location: 2F 0-1: Fly out, F6 (Popup, 6MS, EV 62.5 MPH)
|
| Top of the 2nd over - 0 runs, 0 hits, 0 errors, 0 left on base; Pittsburgh 0 - Cincinnati 2 |
| BOTTOM OF THE 2ND |
|
Cincinnati Reds batting - Pitching for Pittsburgh Pirates : RHP Dennis Leonard
|
|
Batting: RHB Jim Anderson
|
0-0: Ball 1-0: Called Strike 1-1: Ball 2-1: SINGLE (Groundball, 34D, EV 97.5 MPH)
|
|
Batting: RHB Jesus Alfaro
|
0-0: Ball 1-0: Ball 2-0: Ball 3-0: Called Strike 3-1: Fly out, F8 (Flyball, 8RS, EV 87.5 MPH)
|
|
Batting: LHB Steve Brown
|
0-0: Ball 1-0: Bunted foul 1-1: Bunted foul 1-2: Bunted foul, Strikeout!
|
|
Batting: RHB Gary Matthews
|
0-0: Ball 1-0: Ground out 4-3 (Groundball, 4S, EV 73.1 MPH)
|
| Bottom of the 2nd over - 0 runs, 1 hit, 0 errors, 1 left on base; Pittsburgh 0 - Cincinnati 2 |
| TOP OF THE 3RD |
|
Pittsburgh Pirates batting - Pitching for Cincinnati Reds : RHP Steve Brown
|
|
Batting: LHB Craig Barnes
|
0-0: Ball 1-0: Ball 2-0: Foul Ball, location: 2F 2-1: Fly out, F9 (Flyball, 89M, EV 84.4 MPH)
|
|
Batting: RHB Frank Hunsaker
|
0-0: Ball 1-0: Called Strike 1-1: Foul Ball, location: 2F 1-2: Strikes out swinging
|
|
Batting: RHB Dennis Leonard
|
0-0: Foul Ball, location: 2F 0-1: Swinging Strike 0-2: Ball 1-2: Foul Ball, location: 2F 1-2: Strikes out looking
|
| Top of the 3rd over - 0 runs, 0 hits, 0 errors, 0 left on base; Pittsburgh 0 - Cincinnati 2 |
| BOTTOM OF THE 3RD |
|
Cincinnati Reds batting - Pitching for Pittsburgh Pirates : RHP Dennis Leonard
|
|
Batting: LHB Kevin Schoendienst
|
0-0: Ball 1-0: Called Strike 1-1: Ball 2-1: Foul Ball, location: 2F 2-2: Foul Ball, location: 2F 2-2: Ground out 4-3 (Groundball, 4, EV 86.9 MPH)
|
|
Batting: LHB Mike Easler
|
0-0: Ball 1-0: Ball 2-0: Foul Ball, location: 2F 2-1: Fly out, F9 (Flyball, 9S, EV 85.6 MPH)
|
|
Batting: LHB Darrell Evans
|
0-0: Ball 1-0: Ball 2-0: Foul Ball, location: 2F 2-1: Foul Ball, location: 2F 2-2: Strikes out looking
|
| Bottom of the 3rd over - 0 runs, 0 hits, 0 errors, 0 left on base; Pittsburgh 0 - Cincinnati 2 |
| TOP OF THE 4TH |
|
Pittsburgh Pirates batting - Pitching for Cincinnati Reds : RHP Steve Brown
|
|
Batting: RHB Dan Gladden
|
0-0: Swinging Strike 0-1: Ball 1-1: Ball 2-1: Foul Ball, location: 2F 2-2: Foul Ball, location: 2F 2-2: Strikes out swinging
|
|
Batting: LHB Terry Whitfield
|
0-0: Ground out U3 (Groundball, 34, EV 84.4 MPH)
|
|
Batting: RHB Rennie Stennett
|
0-0: Ball 1-0: Swinging Strike 1-1: Ball 2-1: Ground out 6-3 (Groundball, 6, EV 78.8 MPH)
|
| Top of the 4th over - 0 runs, 0 hits, 0 errors, 0 left on base; Pittsburgh 0 - Cincinnati 2 |
| BOTTOM OF THE 4TH |
|
Cincinnati Reds batting - Pitching for Pittsburgh Pirates : RHP Dennis Leonard
|
|
Batting: RHB Johnny Bench
|
0-0: Called Strike 0-1: Ground out 6-3 (Groundball, 6MD, EV 104.4 MPH)
|
|
Batting: RHB Nick Deurloo
|
0-0: Ball 1-0: Called Strike 1-1: Swinging Strike 1-2: SINGLE (Line Drive, 8LS, EV 110.0 MPH)
|
|
Batting: RHB Jim Anderson
|
0-0: Fielders Choice at 2nd, 6-4 (Groundball, 15, EV 77.5 MPH)
|
|
Batting: RHB Jesus Alfaro
|
0-0: Swinging Strike 0-1: Ball 1-1: Ground out 5-3 (Groundball, 5S, EV 70.6 MPH)
|
| Bottom of the 4th over - 0 runs, 1 hit, 0 errors, 1 left on base; Pittsburgh 0 - Cincinnati 2 |
| TOP OF THE 5TH |
|
Pittsburgh Pirates batting - Pitching for Cincinnati Reds : RHP Steve Brown
|
|
Pitching: LHP Al Hrabosky
|
|
|
Now at 2B: Julio Estrada
|
|
|
Batting: LHB Greg Walker
|
0-0: Ball 1-0: SINGLE (Groundball, 56D, EV 96.3 MPH)
|
|
Batting: RHB William Max
|
0-0: Called Strike 0-1: Ball 1-1: Called Strike 1-2: Strikes out swinging
|
|
Batting: SHB Ron Oester
|
0-0: Ball 1-0: Ground out 4-3 (Groundball, 13, EV 78.1 MPH) Greg Walker to second
|
|
Batting: LHB Craig Barnes
|
0-0: Foul Ball, location: 2F 0-1: Swinging Strike 0-2: Foul Ball, location: 2F 0-2: Strikes out swinging, 2-3 out at first.
|
| Top of the 5th over - 0 runs, 1 hit, 0 errors, 1 left on base; Pittsburgh 0 - Cincinnati 2 |
| BOTTOM OF THE 5TH |
|
Cincinnati Reds batting - Pitching for Pittsburgh Pirates : RHP Dennis Leonard
|
|
Pitching: RHP Robert Alexander
|
|
|
Batting: SHB Julio Estrada
|
0-0: Ball 1-0: Ground out 4-3 (Groundball, 4M, EV 85.0 MPH)
|
|
Batting: RHB Gary Matthews
|
0-0: Ball 1-0: Fly out, F9 (Flyball, 9D, EV 93.8 MPH)
|
|
Batting: LHB Kevin Schoendienst
|
0-0: Ball 1-0: Ball 2-0: Ball 3-0: Called Strike 3-1: Called Strike 3-2: Strikes out swinging
|
| Bottom of the 5th over - 0 runs, 0 hits, 0 errors, 0 left on base; Pittsburgh 0 - Cincinnati 2 |
| TOP OF THE 6TH |
|
Pittsburgh Pirates batting - Pitching for Cincinnati Reds : LHP Al Hrabosky
|
|
Batting: RHB Frank Hunsaker
|
0-0: Ball 1-0: Ground out 6-3 (Groundball, 6D, EV 88.1 MPH)
|
|
Batting: RHB Robert Alexander
|
0-0: Called Strike 0-1: Swinging Strike 0-2: Strikes out swinging
|
|
Batting: RHB Dan Gladden
|
0-0: Ground out 4-3 (Groundball, 4M, EV 102.5 MPH)
|
| Top of the 6th over - 0 runs, 0 hits, 0 errors, 0 left on base; Pittsburgh 0 - Cincinnati 2 |
| BOTTOM OF THE 6TH |
|
Cincinnati Reds batting - Pitching for Pittsburgh Pirates : RHP Robert Alexander
|
|
Batting: LHB Mike Easler
|
0-0: Foul Ball, location: 2F 0-1: Ball 1-1: Ball 2-1: Called Strike 2-2: Foul Ball, location: 2F 2-2: Ball 3-2: Base on Balls
|
|
Batting: LHB Darrell Evans
|
0-0: Ball 1-0: Foul Ball, location: 2F 1-1: Ball 2-1: Ball 3-1: Ground out 4-3 (Groundball, 34D, EV 83.8 MPH) Mike Easler to second
|
|
Batting: RHB Johnny Bench
|
0-0: Ball 1-0: Called Strike 1-1: Called Strike 1-2: Strikes out swinging
|
|
Batting: RHB Nick Deurloo
|
0-0: Ball 1-0: Ground out 6-3 (Groundball, 6, EV 85.6 MPH)
|
| Bottom of the 6th over - 0 runs, 0 hits, 0 errors, 1 left on base; Pittsburgh 0 - Cincinnati 2 |
| TOP OF THE 7TH |
|
Pittsburgh Pirates batting - Pitching for Cincinnati Reds : LHP Al Hrabosky
|
|
Batting: LHB Terry Whitfield
|
0-0: Ground out 4-3 (Groundball, 4, EV 88.8 MPH)
|
|
Batting: RHB Rennie Stennett
|
0-0: Foul Ball, location: 2F 0-1: Ball 1-1: Called Strike 1-2: Ground out 4-3 (Groundball, 34, EV 106.3 MPH)
|
|
Batting: LHB Greg Walker
|
0-0: Called Strike 0-1: Fly out, F7 (Line Drive, 7S, EV 108.8 MPH)
|
| Top of the 7th over - 0 runs, 0 hits, 0 errors, 0 left on base; Pittsburgh 0 - Cincinnati 2 |
| BOTTOM OF THE 7TH |
|
Cincinnati Reds batting - Pitching for Pittsburgh Pirates : RHP Robert Alexander
|
|
Batting: RHB Jim Anderson
|
0-0: Called Strike 0-1: Swinging Strike 0-2: Fly out, F8 (Flyball, 8RM, EV 90.0 MPH)
|
|
Pinch Hitting: LHB Scott Radloff
|
0-0: Called Strike 0-1: Ball 1-1: Foul Ball, location: 2F 1-2: Foul Ball, location: 2F 1-2: Foul Ball, location: 2F 1-2: Ground out 6-3 (Groundball, 6, EV 105.6 MPH)
|
|
Batting: SHB Julio Estrada
|
0-0: Ball 1-0: Swinging Strike 1-1: Ground out 6-3 (Groundball, 6M, EV 83.8 MPH)
|
| Bottom of the 7th over - 0 runs, 0 hits, 0 errors, 0 left on base; Pittsburgh 0 - Cincinnati 2 |
| TOP OF THE 8TH |
|
Pittsburgh Pirates batting - Pitching for Cincinnati Reds : LHP Al Hrabosky
|
|
Pitching: RHP Andrew Muhlstock
|
|
|
Batting: RHB William Max
|
0-0: Called Strike 0-1: Fly out, F8 (Flyball, 8RXD, EV 106.9 MPH)
|
|
Batting: SHB Ron Oester
|
0-0: Ball 1-0: Foul Ball, location: 2F 1-1: Foul Ball, location: 2F 1-2: Foul Ball, location: 2F 1-2: Ground out 6-3 (Groundball, 6, EV 103.8 MPH)
|
|
Batting: LHB Craig Barnes
|
0-0: Called Strike 0-1: Called Strike 0-2: Strikes out swinging
|
| Top of the 8th over - 0 runs, 0 hits, 0 errors, 0 left on base; Pittsburgh 0 - Cincinnati 2 |
| BOTTOM OF THE 8TH |
|
Cincinnati Reds batting - Pitching for Pittsburgh Pirates : RHP Robert Alexander
|
|
Pinch Hitting: LHB Roberto Ruiz
|
0-0: Ball 1-0: Swinging Strike 1-1: Foul Ball, location: 2F 1-2: Strikes out swinging, 2-3 out at first.
|
|
Pinch Hitting: SHB Mark T McLemore
|
0-0: Foul Ball, location: 2F 0-1: Ground out 4-3 (Groundball, 4, EV 104.4 MPH)
|
|
Pinch Hitting: LHB Joseph Talley
|
0-0: Called Strike 0-1: Swinging Strike 0-2: Ball 1-2: Foul Ball, location: 2F 1-2: Foul Ball, location: 2F 1-2: Ball 2-2: Strikes out swinging
|
| Bottom of the 8th over - 0 runs, 0 hits, 0 errors, 0 left on base; Pittsburgh 0 - Cincinnati 2 |
| TOP OF THE 9TH |
|
Pittsburgh Pirates batting - Pitching for Cincinnati Reds : RHP Andrew Muhlstock
|
|
Now at 3B: Bill Melton
|
|
|
Now in LF: Joseph Talley
|
|
|
Now in CF: Roberto Ruiz
|
|
|
Batting: RHB Frank Hunsaker
|
0-0: Called Strike 0-1: Foul Ball, location: 2F 0-2: Ball 1-2: Strikes out swinging
|
|
Pinch Hitting: SHB Chili Davis
|
0-0: Foul Ball, location: 2F 0-1: Ground out 4-3 (Groundball, 4M, EV 103.8 MPH)
|
|
Pinch Hitting: LHB Jared Martin
|
0-0: Ball 1-0: Called Strike 1-1: Swinging Strike 1-2: Strikes out swinging
|
| Top of the 9th over - 0 runs, 0 hits, 0 errors, 0 left on base; Pittsburgh 0 - Cincinnati 2 |
|